 Dungeon Crawl Stone Soup version 0.30.1 (webtiles) character file.

Game seed: 10004776455347185162

58 BiteMe the Firebug (level 3, -1/24 HPs)
             Began as a Demonspawn Fire Elementalist on July 6, 2023.
             Succumbed to an adder's poison
             ... on level 2 of the Dungeon.
             The game lasted 00:12:40 (1958 turns).

BiteMe the Firebug (Demonspawn Fire Elementalist)   Turns: 1958, Time: 00:12:41

Health: -1/24      AC:  2    Str:  6 (8)  XL:     3   Next: 76%
Magic:  2/6        EV: 12    Int: 17 (18) God:
Gold:   60         SH:  0    Dex: 12 (13) Spells: 3/6 levels left

rFire   . . .        f - +0 spear
rCold   . . .        (no shield)
rNeg    . . .        a - +0 robe
rPois   .            (no helmet)
rElec   .            (no cloak)
rCorr   .            (no gloves)
SInv    .            (no boots)
Will    .....        (no amulet)
Stlth   ++           (no ring)
HPRegen 0.24/turn    (no ring)
MPRegen 0.10/turn

%: no passive effects
@: lethally poisoned (-1 -> -8), attractive, invisible
A: ignite blood 1
a: no special abilities


You were on level 2 of the Dungeon.
You visited 1 branch of the dungeon, and saw 2 of its levels.

You collected 60 gold pieces.

Inventory:

Hand Weapons
 c - a +0 sling
 f - a +0 spear (weapon)
 k - a +0 dagger
 l - a +0 whip
Armour
 a - a +0 robe (worn)
 g - a +0 ring mail
Jewellery
 h - a ring of resist corrosion
Potions
 e - a potion of invisibility
 m - a potion of mutation {unknown}


   Skills:
 + Level 0.2 Fighting
 + Level 0.1 Polearms
 * Level 0.7 Armour
 * Level 2.4 Dodging
 - Level 1.7 Stealth
 + Level 2.4 Spellcasting
 * Level 1.8 Conjurations
 + Level 3.0 Fire Magic


You had 3 spell levels left.
You knew the following spells:

 Your Spells              Type           Power      Damage    Failure   Level
a - Foxfire               Conj/Fire      40%        2x1d6     7%          1
b - Scorch                Fire           24%        2d6       9%          2

Your spell library contained the following spells:

 Spells                   Type           Power      Damage    Failure   Level
 Necrotise                Necr           8%         1d4       19%         1
 Inner Flame              Hex/Fire       7%         N/A       30%         3
 Volatile Blastmotes      Fire/Tloc      14%        2d11      30%         3
 Vampiric Draining        Necr           2%         2d6       50%         3
 Flame Wave               Conj/Fire      10%        2d6       56%         4
 Agony                    Necr           2%         N/A       99%         5
 Summon Cactus Giant      Summ           1%         N/A       100%        6


Dungeon Overview and Level Annotations

Branches:
Dungeon (2/15)

Altars:


Innate Abilities, Weirdness & Mutations

Your demonic aura sometimes causes spilled blood to erupt in flames.


Message History

* * * LOW HITPOINT WARNING * * *
You are lethally poisoned!
The adder poisons you! Terence barely misses you.
It was a potion of invisibility.
You fade into invisibility!
* * * LOW HITPOINT WARNING * * *
You feel sick. The adder completely misses you. Terence closely misses you.
The adder closely misses you.
It was a potion of curing.
You feel better. The adder closely misses you. Terence closely misses you.
The adder bites you.
You see here a ball python corpse.
You can't go up here!
It was a potion of attraction.
You feel attractive to monsters. The adder barely misses you.
Terence hits you with a +0 falchion.
* * * LOW HITPOINT WARNING * * *
The adder completely misses you. Magic courses through your body.
The adder closely misses you. Terence misses you.
Casting: Foxfire (safe; 7% risk of failure)
Confirm with . or Enter, or press ? or * to list all spells.
Flames lash Terence.
Terence is almost dead.
Terence's fire resistance burns away.
Terence closely misses you. The adder is attracted toward you.
Casting: Scorch (safe; 9% risk of failure)
Confirm with . or Enter, or press ? or * to list all spells.
Flames lash Terence.
Terence is burned terribly!
You kill Terence!
You hear a shout!
The adder bites you.
* * * LOW HITPOINT WARNING * * *
You are lethally poisoned!
The adder poisons you! The adder barely misses you.
Your Fire Magic skill increases to level 3!
It was a potion of degeneration.
There was something very wrong with that liquid.
You feel weakened.
You feel dopey.
You feel clumsy.
You die...

#########
#.......#
.###......@####
.>........S)..#
..#.....).....#
##........#.....
#...............
#)..............
......#.###.##..#
......)#.. ......
.##......## ###
..


You could see an adder (unable to see you).

Vanquished Creatures
  Terence (D:2)
  A dart slug (D:1)
  An endoplasm (D:1)
  3 giant cockroaches
  4 goblins
  4 hobgoblins (D:1)
  2 quokkas (D:1)
  5 ball pythons
  2 bats (D:1)
  A frilled lizard (D:1)
  2 kobolds
  4 rats (D:1)
30 creatures vanquished.

Vanquished Creatures (others)
  62 foxfires
62 creatures vanquished.

Grand Total: 92 creatures vanquished

Notes
Turn   | Place    | Note
-------+----------+-------------------------------------------
     0 | D:1      | BiteMe the Demonspawn Fire Elementalist began the quest for
                  | the Orb.
     0 | D:1      | Reached XP level 1. HP: 13/13 MP: 3/3
   716 | D:1      | Gained mutation: Your demonic aura sometimes causes spilled
                  | blood to erupt in flames. [demonic ancestry]
   716 | D:1      | Reached XP level 2. HP: 19/19 MP: 1/5
  1807 | D:1      | Reached XP level 3. HP: 24/24 MP: 3/6
  1917 | D:1      | Learned a level 2 spell: Scorch
  1937 | D:2      | Noticed Terence
  1957 | D:2      | Killed Terence
  1957 | D:2      | HP: 1/24 [adder (3)]
  1958 | D:2      | Reached skill level 3 in Fire Magic
  1958 | D:2      | Succumbed to an adder's poison

Illustrated notes

Levels and vault maps discovered:
D:1:      eino_arrival_cavern_a, layout_loops_ring, minmay_tetromino_t4
D:2:      layout_basic, uniq_natasha, uniq_terence, uniq_crazy_yiuf_cottage

Skill      XL: |  1  2  3 |
---------------+----------+-----
Dodging        | 2 |  2.4
Fire Magic     | 3 |  3.0
Fighting       | |  0.2
Polearms       | |  0.1
Armour         | |  0.7
Stealth        | |  1.7
Spellcasting   | |  2.4
Conjurations   | |  1.8

Action                     || total
---------------------------++-------
  Melee: Spear             ||     9
         Unarmed           ||     1
   Cast: Foxfire           ||    40
         Scorch            ||     3
    Use: Potion            ||     5
 Armour: Robe              ||     1
  Dodge: Dodged            ||    40
